AoeStats
← michaelhuss72

Four Lakes

510113591Analyzed
1v1 RM · 2d ago on Sep 29, 2026· 29m 34s· 2 players
Game mode
Random Map
Map size
Tiny (2 player)
Population
200
Speed
Normal
Resources
Standard
Victory
Conquest
Starting age
Dark Age
Ending age
Imperial Age
RankedLock teamsTeams togetherTeam positionsShared explorationLock speedFull tech treeHidden civsTurbo modeCheats
Victory
Defeat
🇫🇷 Sicilians · France
715
+16
🇳🇱 Vikings · Netherlands
714
-16
klry
6:26 Loom
10:45 Feudal Age
10:56 Man-at-Arms
12:11 Arson
12:34 Double-Bit Axe
23:06 Castle Age
21:37 Horse Collar
22:53 Fletching
23:14 Forging
23:05 Padded Archer Armor
23:06 Scale Mail Armor
24:57 Long Swordsman
25:58 Gold Mining
26:20 Bow Saw
michaelhuss72
6:32 Loom
10:31 Feudal Age
25:14 Castle Age
23:28 Forging
24:21 Stone Mining
24:24 Gold Mining
24:24 Double-Bit Axe
Connection lost

Rejoining the realm…

Still unreachable

The connection could not be restored.

Session expired

The server has moved on; the page needs a fresh start.